 Dungeon Crawl Stone Soup version 0.31-a0-700-gf13585253f (webtiles) character file.

Game seed: 6390584784418395254

32 qw the Shooter (level 3, -1/22 HPs)
             Began as a Gargoyle Hunter on Sept 7, 2023.
             Slain by a gnoll
             ... wielding a +0 spear
              (6 damage)
             ... on level 2 of the Dungeon.
             The game lasted 00:00:22 (892 turns).

qw the Shooter (Gargoyle Hunter)                     Turns: 892, Time: 00:00:22

Health: -1/22      AC:  6    Str: 14    XL:     3   Next: 27%
Magic:  3/3        EV:  8    Int:  9    God:
Gold:   64         SH:  0    Dex: 15    Spells: 2/2 levels left

rFire   + . .        f - +0 shortbow (heavy)
rCold   . . .        (shield currently unavailable)
rNeg    + . .        h - +0 leather armour {rF+}
rPois   inf          (no helmet)
rElec   +            (no cloak)
rCorr   .            (no gloves)
SInv    .            (no boots)
Will    .....        (no amulet)
Stlth   ++           (no ring)
HPRegen 0.23/turn    (no ring)
MPRegen 0.08/turn

%: no passive effects
@: constricted
A: sickness immunity, AC +3, negative energy resistance 1, electricity
resistance, torment resistance 1, petrification resistance
a: no special abilities


You were on level 2 of the Dungeon.
You visited 1 branch of the dungeon, and saw 2 of its levels.

You collected 64 gold pieces.


Innate Abilities, Weirdness & Mutations

You are immune to sickness and miasma.
Your stone body is resilient. (AC +3)
You are immune to poison.
You resist negative energy. (rN+)
You are resistant to electric shocks. (rElec)
You are resistant to unholy torment.
You are immune to petrification.


   Skills:
 + Level 2.3 Fighting
 - Level 5.0 Ranged Weapons
 - Level 1.5 Dodging
 - Level 1.1 Stealth


You had 2 spell levels left.
You didn't know any spells.
Your spell library was empty.

Inventory:

Hand Weapons
 f - a +0 heavy shortbow (weapon)
Armour
 g - a +0 ring mail
 h - a +0 leather armour of fire resistance (worn)
Scrolls
 a - a scroll of brand weapon
 b - a scroll of revelation {unknown}
 c - a scroll of poison {unknown}
Potions
 d - a potion of resistance {unknown}

Dungeon Overview and Level Annotations

Branches:
Dungeon (2/15)

Altars:
Xom


Message History

You shoot an arrow. The arrow hits the ball python.
You kill the ball python!
You shoot an arrow. The ball python hisses angrily.
The arrow hits the gnoll but does no damage.
You hear a shout!
The gnoll hits you but does no damage.
A goblin comes into view.
It is wielding a +0 dagger of protection.
The gnoll hits you from afar with a +0 spear.
You shoot an arrow. The arrow hits the gnoll.
The gnoll is moderately wounded.
The gnoll hits you from afar with a +0 spear.
The gnoll hits you but does no damage.
You shoot an arrow. The kobold shouts!
The arrow hits the gnoll!
The gnoll is almost dead.
The gnoll barely misses you. The ball python bites you.
The ball python grabs you. The ball python constricts you.
You shoot an arrow.
The arrow completely misses the ball python.
The arrow barely misses the goblin.
The arrow hits the kobold.
You kill the kobold!
The gnoll hits you from afar with a +0 spear.
The ball python bites you but does no damage.
The ball python constricts you. The ball python barely misses you.
The ball python constricts you. The gnoll closely misses you.
You shoot an arrow.
The arrow closely misses the ball python.
The arrow hits the goblin!
You kill the goblin!
The ball python barely misses you. The ball python constricts you.
The gnoll closely misses you.
The ball python bites you but does no damage.
The ball python constricts you. The gnoll barely misses you.
You shoot an arrow.
The arrow closely misses the ball python.
The ball python bites you. The ball python constricts you.
The gnoll hits you from afar with a +0 spear.
You die...

... ... ... #.# #.#
#.# .###########.#
.)...)S@.ggg.#######
.....#####g........#
##. #......##.###
#%g....##...###
#...............
......:..###.####
....._..#####..###
...................
#........#######.##


You could see 3 gnolls, a hobgoblin and a ball python.

Vanquished Creatures
  A dart slug (D:2)
  3 ball pythons
  2 endoplasms
  4 goblins
  4 hobgoblins
  5 jackals (D:1)
  4 kobolds
  2 bats
  A frilled lizard (D:1)
  A rat (D:1)
27 creatures vanquished.

Notes
Turn   | Place    | Note
-------+----------+-------------------------------------------
     0 | D:1      | qw the Gargoyle Hunter began the quest for the Orb.
     0 | D:1      | Reached XP level 1. HP: 12/12 MP: 1/1
     0 | D:1      | 0 ||| qw: Version: 0.3-a-76-g4403597
     0 | D:1      | 0 ||| qw: Game counter: 658
     0 | D:1      | 0 ||| qw: Melee chars always use a shield: true
     0 | D:1      | 0 ||| qw: God list: Okawaru
     0 | D:1      | 0 ||| qw: Allow faded altars: false
     0 | D:1      | 0 ||| qw: Do Orc after clearing Dungeon:15 true
     0 | D:1      | 0 ||| qw: Do second Lair branch before Depths: true
     0 | D:1      | 0 ||| qw: Lair rune preference: random
     0 | D:1      | 0 ||| qw: Goals: Normal
     0 | D:1      | 0 ||| PLANNING D:1-11
    79 | D:1      | Reached XP level 2. HP: 17/17 MP: 2/2
   732 | D:1      | 732 ||| UPGRADING to +0 ring mail.
   742 | D:1      | 742 ||| DROPPING +0 leather armour.
   743 | D:1      | 743 ||| UPGRADING to +0 leather armour of fire resistance.
   753 | D:1      | 753 ||| READING 2 scrolls labelled KOMI VEUGAUHEDAR.
   754 | D:1      | 754 ||| READING scroll labelled NETHUSM HISS.
   755 | D:1      | 755 ||| DROPPING scroll of butterflies.
   787 | D:2      | 787 ||| STAIRDANCE
   792 | D:1      | Reached XP level 3. HP: 18/21 MP: 3/3
   808 | D:2      | Reached skill level 5 in Ranged Weapons
   860 | D:2      | Found a shimmering altar of Xom.
   874 | D:2      | 874 ||| RETREATING.
   875 | D:2      | 875 ||| Stepping ~*~*~tactically~*~*~ (outnumbered).
   879 | D:2      | 879 ||| Stepping ~*~*~tactically~*~*~ (retreating).
   880 | D:2      | 880 ||| RETREATING.
   882 | D:2      | 882 ||| Stepping ~*~*~tactically~*~*~ (retreating).
   883 | D:2      | 883 ||| Stepping ~*~*~tactically~*~*~ (retreating).
   884 | D:2      | 884 ||| Stepping ~*~*~tactically~*~*~ (retreating).
   885 | D:2      | 885 ||| Stepping ~*~*~tactically~*~*~ (retreating).
   892 | D:2      | HP: 5/22 [ball python (2)]
   892 | D:2      | Slain by a gnoll

Levels and vault maps discovered:
D:1:      dpeg_arrival_stonehenge_8_columns, layout_basic, serial_forest,
          infiniplex_forest_lined_ring, infiniplex_forest_straight_1,
          infiniplex_forest_lined_room_, infiniplex_forest_lined_corner,
          infiniplex_forest_lined_room_2, infiniplex_forest_lined_4_way,
          infiniplex_forest_lined_room_2, infiniplex_forest_clump_C
D:2:      layout_rooms, basic_altar, amcnicky_mini_corridor_feature,
          hangedman_decor_peaks_small

Skill      XL: |  1  2  3 |
---------------+----------+-----
Ranged Weapons | 5 |  5.0
Fighting       | |  2.3
Dodging        | |  1.5
Stealth        | |  1.1

Action                     || total
---------------------------++-------
   Fire: Shortbow          ||    83
    Use: Scroll            ||     2
 Armour: Leather armour    ||    29
  Dodge: Dodged            ||    29

Table legend:
 A = Non-vault XP
 B = Vault XP
 C = Vault XP percentage of total XP
 D = Non-vault monster count
 E = Vault monster count
 F = Vault count percentage of total count
                 A         B        C        D         E       F
            +---------+---------+-------+---------+---------+-------
      Total |      47 |       0 |   0.0 |      27 |       0 |   0.0
            +---------+---------+-------+---------+---------+-------
        D:1 |      32 |       0 |   0.0 |      19 |       0 |   0.0
        D:2 |      15 |       0 |   0.0 |       8 |       0 |   0.0
            +---------+---------+-------+---------+---------+-------
